 Dungeon Crawl Stone Soup version 0.28-a0-1404-g4df0f3684d (webtiles) character file.

Game seed: 199794215698991520

37 agentchuck the Chopper (level 3, -3/31 HPs)
             Began as a Ghoul Gladiator on Jan 5, 2022.
             Slain by a gnoll (6 damage)
             ... on level 2 of the Dungeon.
             The game lasted 00:05:09 (2524 turns).

agentchuck the Chopper (Ghoul Gladiator)            Turns: 2524, Time: 00:05:10

Health: -3/31      AC:  7    Str: 19    XL:     3   Next: 41%
Magic:  2/2        EV: 11    Int:  3    God:
Gold:   14         SH:  5    Dex: 10    Spells: 2/2 levels left

rFire   . . .      SeeInvis .   a - +0 war axe
rCold   + . .      Faith    .   (no shield)
rNeg    + + +      Spirit   .   e - +0 ring mail
rPois   ∞          Reflect  +   c - +0 helmet
rElec   .          Harm     .   (no cloak)
rCorr   .          Rampage  .   (no gloves)
Will    .....                   o - +0 pair of boots
Stlth   ..........              h - amulet of reflection
HPRegen 0.00/turn               (no ring)
MPRegen 0.08/turn               (no ring)

@: inhibited regen
A: claws 1, cold resistance 1, negative energy resistance 3, inhibited
regeneration, torment resistance 2
a: no special abilities


You were on level 2 of the Dungeon.
You visited 1 branch of the dungeon, and saw 3 of its levels.

You collected 14 gold pieces.


Innate Abilities, Weirdness & Mutations

You thrive by killing the living.
You are immune to poison.
You have sharp fingernails.
Your flesh is cold resistant. (rC+)
You are immune to negative energy. (rN+++)
You do not regenerate when monsters are visible.
You are immune to unholy pain and torment.


   Skills:
 * Level 3.2 Fighting
 * Level 3.4 Axes
 - Level 1.7 Throwing
 - Level 2.6 Dodging


You had 2 spell levels left.
You didn't know any spells.
Your spell library contained the following spells:

 Spells                   Type           Power      Damage    Failure   Level
 Sting                    Tmut/Pois      0%         1d3       71%         1
 Poisonous Vapours        Pois/Air       0%         N/A       85%         2
 Olgreb's Toxic Radiance  Pois           0%         N/A       100%        4

Inventory:

Hand Weapons
 a - a +0 war axe (weapon)
Missiles
 d - 2 throwing nets (quivered) {=f}
 k - 35 stones
 m - 22 poisoned darts
Armour
 c - a +0 helmet (worn)
 e - a +0 ring mail (worn)
 o - a +0 pair of boots (worn)
Jewellery
 h - an amulet of reflection (around neck)
Scrolls
 f - a scroll of silence {!r}
 g - 2 scrolls of blinking {unknown}
 j - a scroll of fog
Potions
 b - a potion of lignification {unknown}
 i - a potion of haste {unknown}
 l - a potion of flight {unknown}
 n - a potion of invisibility {unknown}

Dungeon Overview and Level Annotations

Branches:
Dungeon (3/15)

Altars:

....÷................#####...#.#.
######.#.###.##.#.#..#####...#.#.
# ###.#.#....#.###............#.
####.#.#.#....#.# ##.#####.......
.........#....#.# #.# #...#.#.
####.#.#.###'##.####.#####...#.#.
####.#.#.#.......................
.....###.#.#.##.####.............
................@............#.#.
####.###.#.#.##g#####.###........
####.###.#.#.##.#####.###...##.#.
............>................#...
###..........................#.#.
#.####.#.#....##..#.###....#.#.
###.####.#.#....##..#.# #......#.
#.....................###...#..#.
...................).............


You could see a gnoll.


Message History

Aim: a gnoll, wielding a +0 flail (60% to hit)
You throw a poisoned dart.
The poisoned dart barely misses the gnoll.
The gnoll hits you with a +0 flail!
* * * LOW HITPOINT WARNING * * *
Throw: 24 darts (poison)
Press: ? - help, Shift-Dir - straight line, f/p - gnoll
Aim: a gnoll, wielding a +0 flail (60% to hit)
You throw a poisoned dart. The poisoned dart hits the gnoll.
The gnoll is poisoned.
The gnoll hits you with a +0 flail.
* * * LOW HITPOINT WARNING * * *
Throw: 23 darts (poison)
Press: ? - help, Shift-Dir - straight line, f/p - gnoll
Aim: a gnoll, wielding a +0 flail (poisoned, 60% to hit)
You throw a poisoned dart.
The poisoned dart barely misses the gnoll.
You block the gnoll's attack.
The gnoll looks more healthy.
You barely miss the gnoll.
The gnoll is moderately wounded.
The gnoll barely misses you.
You see here 4 poisoned darts.
Throw: 3 throwing nets {=f}
Press: ? - help, Shift-Dir - straight line, f/p - gnoll
Aim: a gnoll, wielding a +0 flail (moderately wounded, 60% to hit)
You throw a throwing net {=f}.
The throwing net {=f} barely misses the gnoll.
The gnoll hits you with a +0 flail.
You die...

Skill      XL: |  1  2 |
---------------+-------+-----
Axes           | 3 |  3.4
Fighting       | 3 |  3.2
Throwing       | |  1.7
Dodging        | |  2.6

Action                   || total
-------------------------++-------
Melee: War axe           ||    97
       Punch             ||     1
Throw: Dart              ||     4
       Throwing net      ||     1
  Use: Scroll            ||     2
Armor: Ring mail         ||    30
       Leather armour    ||     2
Dodge: Dodged            ||    57
Block: Other             ||    11
       Reflection        ||     1

Levels and vault maps discovered:
D:1:      dpeg_arrival_stone_temple_mockup, layout_basic,
          shapermc_ecumenical_altar_totnotflames
D:2:      layout_basic, kennysheep_minor_cross, chequers_serial_rivers_room_b
D:3:      layout_loops_ring, serial_shops, nicolae_lakefront_shop

Notes
Turn   | Place    | Note
-------+----------+-------------------------------------------
     0 | D:1      | agentchuck the Ghoul Gladiator began the quest for the Orb.
     0 | D:1      | Reached XP level 1. HP: 17/17 MP: 0/0
   347 | D:1      | Reached skill level 3 in Axes
   347 | D:1      | Reached XP level 2. HP: 21/25 MP: 1/1
   887 | D:1      | Reached skill level 3 in Fighting
   984 | D:1      | Found a faded altar of an unknown god.
  1513 | D:2      | Reached XP level 3. HP: 31/31 MP: 2/2
  2508 | D:2      | HP: 3/31 [gnoll (3)]
  2524 | D:2      | Slain by a gnoll

Vanquished Creatures
  A worm (D:2)
  A dart slug (D:1)
  3 endoplasms (D:1)
  3 goblins
  5 hobgoblins
  A kobold (D:2)
  3 quokkas
  6 bats
  5 frilled lizards
  3 rats
31 creatures vanquished.

Table legend: (Time is in decaauts)
 A = Elapsed time spent in this place.
 B = Non-inter-level travel time spent in this place.
 C = Inter-level travel time spent in this place.
 D = Time resting spent in this place.
 E = Time spent auto-exploring this place.
 F = Levels seen in this place.
 G = Mean time per level.
                   A        B        C        D        E       F      G
               +--------+--------+--------+--------+--------+-----+--------+
         Total |   2557 |   2505 |     52 |    574 |   1271 |   3 |  852.3 |
       Dungeon |   2557 |   2505 |     52 |    574 |   1271 |   3 |  852.3 |
               +--------+--------+--------+--------+--------+-----+--------+

Top non-repeatable levels by time:
     D:1: 1422 daAuts
     D:2: 1129 daAuts
     D:3: 5 daAuts

Table legend:
 A = Non-vault XP
 B = Vault XP
 C = Vault XP percentage of total XP
 D = Non-vault monster count
 E = Vault monster count
 F = Vault count percentage of total count
                 A         B        C        D         E       F
            +---------+---------+-------+---------+---------+-------
      Total |      54 |       0 |   0.0 |      31 |       0 |   0.0
            +---------+---------+-------+---------+---------+-------
        D:1 |      33 |       0 |   0.0 |      19 |       0 |   0.0
        D:2 |      21 |       0 |   0.0 |      12 |       0 |   0.0
            +---------+---------+-------+---------+---------+-------
